 Dungeon Crawl Stone Soup version 0.30.0 (webtiles) character file.

Game seed: 6872078260650316688

594 browni3141 the Slasher (level 7, -8/52 HPs)
             Began as a Barachi Necromancer on May 7, 2023.
             Mangled by a gnoll
             ... wielding a +0 halberd
             ... led by a gnoll bouda
              (14 damage)
             ... on level 3 of the Dungeon.
             The game lasted 00:11:18 (4849 turns).

browni3141 the Slasher (Barachi Necromancer)        Turns: 4849, Time: 00:11:18

Health: -8/52      AC:  2    Str:  9    XL:     7   Next: 39%
Magic:  11/11      EV:  6    Int: 17    God:
Gold:   239        SH:  0    Dex: 13    Spells: 8/12 levels left

rFire   . . .        p - +0 long sword
rCold   . . .        (no shield)
rNeg    . . .        a - +0 robe
rPois   .            (no helmet)
rElec   .            (no cloak)
rCorr   .            (no gloves)
SInv    .            (no boots)
Will    .....        (no amulet)
Stlth   ++           (no ring)
HPRegen 0.28/turn    (no ring)
MPRegen 0.12/turn

%: no passive effects
@: held, slow
A: amphibious, slowness 1, strong legs 1, +LOS
a: Hop


You were on level 3 of the Dungeon.
You visited 1 branch of the dungeon, and saw 4 of its levels.
You also visited: Ossuary.

You collected 239 gold pieces.

Inventory:

Hand Weapons
 p - a +0 long sword (weapon)
Missiles
 J - 2 curare-tipped darts
 T - 2 poisoned darts
Armour
 a - a +0 robe (worn)
Wands
 P - a wand of roots (8)
Scrolls
 r - 2 scrolls of identify
 D - 3 scrolls of magic mapping
 M - a scroll of fear {unknown}
 N - a scroll of enchant weapon {unknown}
 Q - 2 scrolls of blinking {unknown}
 R - a scroll of torment {unknown}
Potions
 m - a potion of magic
 C - 2 potions of curing
 E - 2 potions of brilliance {unknown}
 L - a potion of lignification
 O - 2 potions of degeneration {unknown}
 S - a potion of heal wounds {unknown}


   Skills:
 + Level 3.1 Fighting
 * Level 6.4 Long Blades
 - Level 2.1 Dodging
 - Level 3.0 Stealth
 + Level 3.0 Spellcasting
 * Level 4.5 Necromancy


You had 8 spell levels left.
You knew the following spells:

 Your Spells              Type           Power      Damage    Failure   Level
v - Vampiric Draining     Necr           18%        2d7       8%          3
N - Necrotise             Necr           72%        1d7       2%          1

Your spell library contained the following spells:

 Spells                   Type           Power      Damage    Failure   Level
 Animate Dead             Necr           18%        N/A       26%         4
 Agony                    Necr           18%        N/A       58%         5


Dungeon Overview and Level Annotations

Branches:
Dungeon (4/15)            Ossuary (visited)
 Temple: D:4-7

Altars:
Qazlal

Shops:
D:2 [

Annotations:
D:4 Edmund


Innate Abilities, Weirdness & Mutations

You are amphibious.
You cover ground slowly.
You can hop short distances.
You have an extended range of vision and can be seen from far away.


Message History

Confirm with . or Enter, or press ? or * to list all spells.
You don't have enough magic to cast this spell.
Casting: Vampiric Draining (dangerous; 9% risk of failure)
Confirm with . or Enter, or press ? or * to list all spells.
You don't have enough magic to cast this spell.
You start resting.
HP restored.
You start resting.
Magic restored.
You climb downwards.
The gnoll throws a stone.
The stone barely misses you.
There is a stone staircase leading up, spattered with blood here.
Okay, then.
Items here: )) [ รท.
Casting: Vampiric Draining (dangerous; 9% risk of failure)
Confirm with . or Enter, or press ? or * to list all spells.
Aiming: Vampiric Draining (dangerous; 9% risk of failure)
Press: ? - help, Shift-Dir - straight line, f - gnoll
Aim: a gnoll, wielding a +0 whip and quivering stones You draw life force from the gnoll.
The gnoll hits you with a +0 whip.
Casting: Vampiric Draining (dangerous; 9% risk of failure)
Confirm with . or Enter, or press ? or * to list all spells.
Aiming: Vampiric Draining (dangerous; 9% risk of failure)
Press: ? - help, Shift-Dir - straight line, f/p - gnoll
Aim: a gnoll, wielding a +0 whip and quivering stones (heavily wounded)
You draw life force from the gnoll!
You kill the gnoll!
You feel life coursing into your body.
Casting: Vampiric Draining (dangerous; 9% risk of failure)
Confirm with . or Enter, or press ? or * to list all spells.
Aiming: Vampiric Draining (dangerous; 9% risk of failure)
Press: ? - help, Shift-Dir - straight line, f - you That would be overly suicidal.
Okay, then.
Casting: Vampiric Draining (dangerous; 9% risk of failure)
Confirm with . or Enter, or press ? or * to list all spells.
Aiming: Vampiric Draining (dangerous; 9% risk of failure)
Press: ? - help, Shift-Dir - straight line, f - you That would be overly suicidal.
Okay, then.
HP restored.
A gnoll comes into view. It is wielding a +0 club.
A gnoll is nearby!
A gnoll is nearby!
Things that are here:
a +0 whip; 6 stones; a gnoll corpse The gnoll hits you with a +0 club.
You hit the gnoll but do no damage. The gnoll hits you with a +0 club.
You slash the gnoll!
The gnoll is severely wounded.
The gnoll barely misses you.
You barely miss the gnoll.
The gnoll is severely wounded.
The gnoll barely misses you.
You closely miss the gnoll.
The gnoll is severely wounded.
The gnoll hits you with a +0 club.
You hit the gnoll.
You kill the gnoll!
No target in view!
Magic restored.
You see here a +0 club.
An orc is nearby!
An orc is nearby!
An orc is nearby!
No reachable target in view!
No reachable target in view!
Items here: )))) [.
The orc shouts!
Things that are here:
a +0 leather armour; a +0 mace The gnoll shouts!
The gnoll drinks a potion.
The gnoll flickers and vanishes!
Deactivating autopickup; reactivate with Ctrl-A.
A throwing net appears from out of thin air!
The throwing net hits you.
You become entangled in the net!
You see here a throwing net.
You tear a large gash into the net.
You struggle against the net.
You struggle against the net.
The orc barely misses you.
You rip the net and break free!
The orc hits you with a +0 dagger.
A throwing net appears from out of thin air!
The throwing net hits you.
You become entangled in the net!
You struggle against the net.
The orc hits you with a +0 dagger.
You struggle against the net.
The orc hits you but does no damage. Something hits you!
You struggle against the net.
The orc hits you but does no damage. Something hits you!
You struggle against the net.
The orc hits you with a +0 dagger. Something hits you!
* * * LOW HITPOINT WARNING * * *
You struggle against the net.
The rat barely misses you. The orc hits you with a +0 dagger.
* * * LOW HITPOINT WARNING * * *
Something hits you!
* * * LOW HITPOINT WARNING * * *
Unknown command.
You feel better. The rat barely misses you. The orc hits you with a +0 dagger.
* * * LOW HITPOINT WARNING * * *
Something hits you!
You die...

##.##### #.# ####.## ##.#
..... #.# #.# #.# #####.. .
##'# #.## ##.# #...##. ..
##...## ##.###.## ....8#
...#.....## ##...## .._..#
..........####...### ....8#
#.........####.##### ....##
#......o..####.#####
#####...'.....{r@.####.#####
#....[..#.#.......####.######
8......## ##......[)........#
.._...## ##...######.####$#
8....## ##'# #####.####.#
...## ... ..####.## #.# ###
.##########.### .# #
##.##.####.# .##..


You could see an orc and a rat.

Vanquished Creatures
  2 phantoms (D:4)
  2 orc priests (D:3)
  A gnoll bouda (D:2)
  2 iguanas (D:4)
  3 orc wizards
  2 mummies (Ossuary)
  4 gnolls
  7 adders
  A worm zombie (D:4)
  2 dart slugs
  10 orcs
  7 endoplasms
  A giant cockroach (D:1)
  A gnoll zombie (Ossuary)
  6 goblins
  12 hobgoblins
  5 jackals (D:2)
  7 kobolds
  A quokka (D:4)
  3 ball pythons
  4 bats
  2 frilled lizards (D:1)
  3 goblin zombies (Ossuary)
  A hobgoblin zombie (Ossuary)
  A kobold zombie (Ossuary)
  7 rats
97 creatures vanquished.

Vanquished Creatures (collateral kills)
  An endoplasm (D:4)
  A frilled lizard (D:1)
2 creatures vanquished.

Grand Total: 99 creatures vanquished

Notes
Turn   | Place    | Note
-------+----------+-------------------------------------------
     0 | D:1      | browni3141 the Barachi Necromancer began the quest for the
                  | Orb.
     0 | D:1      | Reached XP level 1. HP: 13/13 MP: 3/3
   267 | D:1      | Reached XP level 2. HP: 20/22 MP: 3/5
   638 | D:1      | Reached XP level 3. HP: 23/27 MP: 0/6
  1171 | D:1      | Reached skill level 3 in Stealth
  1348 | D:2      | You fall into a shaft and drop 2 floors!
  1351 | D:4      | Noticed a phantom
  1354 | D:4      | Noticed Edmund
  1371 | D:4      | Killed a phantom
  1372 | D:4      | Reached skill level 3 in Long Blades
  1372 | D:4      | Reached XP level 4. HP: 33/33 MP: 7/7
  1504 | D:4      | Found a sand-covered staircase.
  1513 | D:4      | Reached XP level 5. HP: 34/38 MP: 8/8
  1534 | D:4      | Reached skill level 4 in Long Blades
  1537 | Ossuary  | Entered an ossuary
  1537 | Ossuary  | Noticed a wraith
  1537 | Ossuary  | Noticed a wraith
  1537 | Ossuary  | Noticed a wraith
  1812 | Ossuary  | Noticed a wraith
  2166 | D:4      | Reached skill level 5 in Long Blades
  2358 | D:4      | Reached XP level 6. HP: 39/44 MP: 4/9
  2366 | D:4      | Learned a level 3 spell: Vampiric Draining
  2526 | D:3      | Found a stormy altar of Qazlal.
  2629 | D:3      | Found a faded altar of an unknown god.
  2997 | D:4      | Reached skill level 6 in Long Blades
  3768 | D:2      | Found Zaotelagg's Armour Emporium.
  4189 | D:3      | Reached XP level 7. HP: 19/51 MP: 0/11
  4473 | D:3      | Reached skill level 3 in Fighting
  4692 | D:2      | Reached skill level 3 in Spellcasting
  4848 | D:3      | HP: 2/52 [something (9)]
  4849 | D:3      | Mangled by a gnoll

Illustrated notes

Levels and vault maps discovered:
D:1:      sevenhm_arrival_forest_fort_small_6, layout_loops_ring,
          roderic_roman_lattice, dreamdust_princess_bridge,
          minmay_misc_feat_rows, dreamdust_wishing_well, minmay_fountain_box,
          minmay_unequal
D:2:      layout_loops_corners, serial_shops, shop
D:3:      layout_loops_corners, nicolae_overflow_ecumenical_swirl,
          reono_crystal_passage, kennysheep_doodads
D:4:      layout_basic, evilmike_ruin_ashenzari, nicolae_overflow_hidden_temple,
          enter_ossuary_3, uniq_edmund

Skill      XL: |  1  2  3  4  5  6  7 |
---------------+----------------------+-----
Fighting       | 2 3 |  3.1
Stealth        | 2 3 |  3.0
Long Blades    | 3 5 6 |  6.4
Necromancy     | 4 |  4.5
Spellcasting   | 3 |  3.0
Dodging        | |  2.1

Action                     |  1- 3 |  4- 6 |  7- 9 || total
---------------------------+-------+-------+-------++-------
  Melee: Unarmed           |     7 |       |       ||     7
         Long sword        |    58 |   216 |    33 ||   307
         Punch             |       |     1 |     1 ||     2
   Cast: Necrotise         |    29 |    26 |     8 ||    63
         Vampiric Draining |       |     9 |     9 ||    18
Ability: Hop               |     1 |     4 |     1 ||     6
  Evoke: Wand              |       |     1 |     1 ||     2
    Use: Potion            |     2 |     4 |     1 ||     7
         Scroll            |       |     6 |       ||     6
   Stab: Sleeping          |     1 |     5 |     1 ||     7
 Armour: Robe              |    13 |    22 |     5 ||    40
         Skin              |    11 |    15 |       ||    26
  Dodge: Dodged            |    59 |   177 |    25 ||   261
